 Dungeon Crawl Stone Soup version 0.30.0-18-gc0e69614cb (webtiles) character file.

Game seed: 7734947387840745968

193 Darkkill the Shooter (level 5, 0/46 HPs)
             Began as a Minotaur Hunter on May 25, 2023.
             Killed by nerve-wracking pain
             ... invoked by Grinder
              (6 damage)
             ... while paralysed by Grinder
             ... on level 5 of the Dungeon.
             The game lasted 00:03:03 (2975 turns).

Darkkill the Shooter (Minotaur Hunter)              Turns: 2975, Time: 00:03:04

Health: 0/46       AC:  4    Str: 15    XL:     5   Next: 44%
Magic:  4/4        EV:  2    Int:  6    God:
Gold:   323        SH:  0    Dex: 16    Spells: 4/4 levels left

rFire   . . .        a - +2 shortbow (heavy)
rCold   . . .        (shield currently unavailable)
rNeg    . . .        c - +1 leather armour
rPois   .            (helmet restricted)
rElec   .            (no cloak)
rCorr   .            (no gloves)
SInv    .            (no boots)
Will    .....        (no amulet)
Stlth   ++           (no ring)
HPRegen 0.27/turn    (no ring)
MPRegen 0.09/turn

%: no passive effects
@: paralysed
A: horns 2, retaliatory headbutt
a: no special abilities


You were on level 5 of the Dungeon.
You visited 1 branch of the dungeon, and saw 5 of its levels.

You collected 323 gold pieces.

Inventory:

Hand Weapons
 a - a +2 heavy shortbow (weapon)
 b - the +7 spear "Xantarha" {pain, Will+ Str+4 Stlth-}
   (You found it on level 4 of the Dungeon)

   Str:       It affects your strength (+4).
   Will:      It increases your willpower.
   Stlth:     It makes you less stealthy.
Missiles
 g - 44 stones
 o - 3 boomerangs
Armour
 c - a +1 leather armour (worn)
Wands
 u - a wand of flame (24)
Scrolls
 h - a scroll of immolation
 m - 2 scrolls of blinking
 q - a scroll of teleportation
 t - 2 scrolls of identify {@r1}
 x - 3 scrolls of fog
Potions
 d - a potion of heal wounds
 e - 2 potions of might
 f - 3 potions of brilliance
 i - 3 potions of curing {@q1}
 j - a potion of cancellation
 k - 2 potions of invisibility
 l - 2 potions of berserk rage
 n - a potion of magic
 p - a potion of lignification {unknown}
 r - a potion of attraction {unknown}
 s - a potion of degeneration {unknown}
 z - 2 potions of mutation {unknown}


   Skills:
 + Level 4.1 Fighting
 + Level 5.3 Ranged Weapons
 + Level 3.6 Dodging
 + Level 2.3 Stealth


You had 4 spell levels left.
You didn't know any spells.
Your spell library contained the following spells:

 Spells                   Type           Power      Damage    Failure   Level
 Sublimation of Blood     Necr           0%         N/A       67%         2
 Petrify                  Tmut/Erth      0%         N/A       99%         4
 Irradiate                Conj/Tmut      0%         3d11      100%        5


Dungeon Overview and Level Annotations

Branches:
Dungeon (5/15)
 Temple: D:4-7

Altars:
Ashenzari
Dithmenos
Yredelemnul
Zin
The Shining One

Annotations:
D:4 1 runed translucent door, Crazy Yiuf
D:5 Grinder


Innate Abilities, Weirdness & Mutations

You have a pair of horns on your head.
You reflexively headbutt those who attack you in melee.


Message History

Found a glowing golden altar of the Shining One.
No target in view!
l - 2 metallic cyan potions (gained 1)
Found a shadowy altar of Dithmenos.
You now have 323 gold pieces (gained 13).
No target in view!
z - 2 sedimented golden potions No target in view!
You see here a dart slug corpse.
Found a broken altar of Ashenzari.
No target in view!
Found a basalt altar of Yredelemnul.
Found a glowing silver altar of Zin.
No target in view!
No target in view!
There is an open door here.
You see here a worm corpse.
A worm comes into view.
You shoot an arrow. The arrow barely misses the worm.
A worm is nearby!
You shoot an arrow. The arrow hits the worm!
The worm is almost dead.
A worm is nearby!
You shoot an arrow. The arrow hits the worm!
You kill the worm!
Crazy Yiuf shouts!
There's something in the way.
There's something in the way.
There's something in the way.
Could not explore, unopened runed door.
Could not explore, unopened runed door.
There's something in the way.
Could not explore, unopened runed door.
There's something in the way.
You drop the staff of poison "Voanobom" {rPois rF++}.
As you read the scroll of identify {@r1}, it crumbles to dust.
l - 2 potions of berserk rage Crazy Yiuf laughs, "Key!"
As you read the scroll labelled VONOMYBET, it crumbles to dust.
It is a scroll of enchant armour.
Your +0 leather armour glows green for a moment.
Crazy Yiuf screams, "Mountain water testudinal!"
There is a stone staircase leading down here.
You climb downwards.
Found a scroll of identify.
There is a stone staircase leading up here.
t - a scroll of identify {@r1} No target in view!
No target in view!
Found a stone staircase leading up.
No target in view!
t - 2 scrolls of identify {@r1} (gained 1)
An adder comes into view.
You shoot an arrow. The arrow hits the adder!
The adder hisses angrily.
The adder is almost dead.
An adder is nearby!
You shoot an arrow. The arrow barely misses the adder.
The adder barely misses you. The adder closely misses you.
You furiously retaliate!
You headbutt the adder.
You kill the adder!
g - 44 stones (gained 7) Grinder comes into view.
Found an escape hatch in the ceiling.
Grinder shouts!
You shoot an arrow. The arrow hits Grinder.
Grinder is lightly wounded.
You shoot an arrow. The arrow hits Grinder!
Grinder is severely wounded.
Grinder blinks!
Grinder gestures at you. Pain shoots through your body!
You shoot an arrow. The arrow hits Grinder.
Grinder is severely wounded.
You shoot an arrow.
The arrow hits Grinder but does no damage.
Grinder is severely wounded.
Grinder gestures at you.
You suddenly lose the ability to move!
Grinder hits you.
You writhe in agony.
You can move again.
You shoot an arrow. The arrow closely misses Grinder.
Grinder gestures at you. Pain shoots through your body! Grinder hits you.
You writhe in agony.
You shoot an arrow. The arrow barely misses Grinder.
Grinder hits you!
* * * LOW HITPOINT WARNING * * *
You writhe in agony.
* * * LOW HITPOINT WARNING * * *
Grinder barely misses you.
You shoot an arrow. The arrow hits Grinder.
Grinder is severely wounded.
Grinder gestures at you.
You suddenly lose the ability to move!
Grinder hits you.
* * * LOW HITPOINT WARNING * * *
You writhe in agony.
* * * LOW HITPOINT WARNING * * *
Grinder gestures at you. Pain shoots through your body!
You die...

##### #...# #...#
### #...#####.....
#.....@5......
#####
#...###.......
....# #...#
....... ....#
#...# .......
....########.###
.......
....##.........#
.......
....##.........#
.<.....
....##.........#
#......
....##............


You could see Grinder.

Vanquished Creatures
  A jelly (D:4)
  An iguana (D:4)
  5 adders
  3 worms
  10 dart slugs
  3 bats
  6 endoplasms
  A giant cockroach (D:2)
  11 goblins
  4 hobgoblins
  8 kobolds
  4 quokkas
  4 ball pythons
  4 frilled lizards
  4 rats
69 creatures vanquished.

Notes
Turn   | Place    | Note
-------+----------+-------------------------------------------
     0 | D:1      | Darkkill the Minotaur Hunter began the quest for the Orb.
     0 | D:1      | Reached XP level 1. HP: 18/18 MP: 0/0
   163 | D:1      | Reached skill level 1 in Stealth
   236 | D:1      | Reached XP level 2. HP: 25/25 MP: 1/1
   776 | D:2      | Reached XP level 3. HP: 31/31 MP: 2/2
  1624 | D:3      | Reached XP level 4. HP: 16/38 MP: 3/3
  1920 | D:3      | Reached skill level 5 in Ranged Weapons
  2394 | D:4      | Identified the +7 spear "Xantarha" {pain, Will+ Str+4
                  | Stlth-}
  2451 | D:4      | Found a runed translucent door.
  2452 | D:4      | Noticed Crazy Yiuf
  2610 | D:4      | Reached XP level 5. HP: 46/46 MP: 4/4
  2626 | D:4      | Identified the staff of poison "Voanobom" {rPois rF++}
  2752 | D:4      | Found a glowing golden altar of the Shining One.
  2757 | D:4      | Found a shadowy altar of Dithmenos.
  2775 | D:4      | Found a broken altar of Ashenzari.
  2778 | D:4      | Found a basalt altar of Yredelemnul.
  2789 | D:4      | Found a glowing silver altar of Zin.
  2923 | D:5      | Entered Level 5 of the Dungeon
  2965 | D:5      | Noticed Grinder
  2969 | D:5      | Paralysed by Grinder for 3 turns
  2973 | D:5      | Paralysed by Grinder for 5 turns
  2974 | D:5      | HP: 6/46 [Grinder (4)]
  2975 | D:5      | Killed from afar by Grinder

Illustrated notes

Levels and vault maps discovered:
D:1:      dpeg_chamrin_arrival_tetris, layout_basic
D:2:      layout_basic, kennysheep_nondescript, st_stairs_1,
          lightli_corner_chamber
D:3:      kennysheep_slugbush, layout_loops_ring, minmay_misc_feat_plants
D:4:      layout_rooms, minmay_overflow_temple_star_hex, uniq_crazy_yiuf_cottage
D:5:      layout_rooms, vehumet_statue, uniq_grinder, uniq_menkaure

Skill      XL: |  1  2  3  4  5 |
---------------+----------------+-----
Stealth        | 1 2 |  2.3
Fighting       | 3 4 |  4.1
Dodging        | 3 |  3.6
Ranged Weapons | 5 |  5.3

Action                     |  1- 3 |  4- 6 || total
---------------------------+-------+-------++-------
   Fire: Shortbow          |    84 |    60 ||   144
    Use: Scroll            |    12 |     7 ||    19
 Armour: Leather armour    |     7 |     3 ||    10
  Dodge: Dodged            |    19 |     8 ||    27

Levels and vault maps discovered:
D:1:      dpeg_chamrin_arrival_tetris, layout_basic
D:2:      layout_basic, kennysheep_nondescript, st_stairs_1,
          lightli_corner_chamber
D:3:      kennysheep_slugbush, layout_loops_ring, minmay_misc_feat_plants
D:4:      layout_rooms, minmay_overflow_temple_star_hex, uniq_crazy_yiuf_cottage
D:5:      layout_rooms, vehumet_statue, uniq_grinder, uniq_menkaure

Table legend: (Time is in decaauts)
 A = Elapsed time spent in this place.
 B = Non-inter-level travel time spent in this place.
 C = Inter-level travel time spent in this place.
 D = Time resting spent in this place.
 E = Time spent auto-exploring this place.
 F = Levels seen in this place.
 G = Mean time per level.
                   A        B        C        D        E       F      G
               +--------+--------+--------+--------+--------+-----+--------+
         Total |   3081 |   2942 |    139 |    100 |   2426 |   5 |  616.2 |
       Dungeon |   3081 |   2942 |    139 |    100 |   2426 |   5 |  616.2 |
               +--------+--------+--------+--------+--------+-----+--------+

Top non-repeatable levels by time:
     D:2: 896 daAuts
     D:3: 782 daAuts
     D:1: 755 daAuts
     D:4: 588 daAuts
     D:5: 59 daAuts

Table legend:
 A = Kills in this place as a percentage of kills in the entire game.
 B = Kills by you in this place as a percentage of kills by you in the entire game.
 C = Kills by friends in this place as a percentage of kills by friends in the entire game.
 D = Other kills in this place as a percentage of other kills in the entire game.
 E = Experience gained in this place as a percentage of experience gained in the entire game.
 F = Experience gained in this place divided by the number of levels of this place that you have seen.
                   A       B       C       D       E      F
               +-------+-------+-------+-------+-------+----------------------
         Total | 100.0 | 100.0 |   N/A |   N/A | 100.0 |  55.4
       Dungeon | 100.0 | 100.0 |   N/A |   N/A | 100.0 |  55.4
               +-------+-------+-------+-------+-------+----------------------
